 Dungeon Crawl Stone Soup version 0.17-a0-1850-g688e747 (webtiles) character file.

217 kae the Poker (level 5, 0/49 HPs)
             Began as a Naga Fighter on Sept 19, 2015.
             Killed by divine providence
             ... invoked by an orc priest
              (13 damage)
             ... on level 3 of the Dungeon.
             The game lasted 00:01:31 (1520 turns).

kae the Poker (Naga Fighter)                        Turns: 1520, Time: 00:01:32

Health: 0/49       AC:  5    Str: 18    XL:     5   Next: 94%
Magic:  5/5        EV:  5    Int:  8    God:
Gold:   156        SH:  8    Dex: 12    Spells: 0 memorised, 4 levels left

rFire  . . .     SeeInvis +     a - +0 trident
rCold  . . .     Clarity  .     b - +0 scale mail
rNeg   . . .     SustAt   .     c - +0 shield
rPois  +         Gourm    .     (no helmet)
rElec  .         Spirit   .     (no cloak)
rCorr  .         Warding  .     (no gloves)
rMut   .         Stasis   .     (no barding)
MR     .....                    q - amulet of regeneration
Stlth  ..........               (no ring)
                                (no ring)

@: very slightly contaminated, hasted, quick, not resistant to hostile
enchantments, extremely unstealthy
A: see invisible, deformed body, poison resistance, slowness 2, slow metabolism
1, spit poison 2, AC +1
a: Spit Poison


You were on level 3 of the Dungeon.
You were hungry.

You visited 1 branch of the dungeon, and saw 3 of its levels.

You collected 156 gold pieces.

Inventory:

Hand weapons
 a - a +0 trident (weapon)
 p - a +0 scythe
Armour
 b - a +0 scale mail (worn)
 c - a +0 shield (worn)
Jewellery
 q - an amulet of regeneration (around neck)
Magical devices
 d - a wand of flame (26)
Scrolls
 f - 2 scrolls of amnesia {unknown}
 h - 8 scrolls of remove curse {unknown}
 i - 3 scrolls of identify {unknown}
 k - a scroll of immolation {unknown}
 l - 2 scrolls of fear {unknown}
 m - a scroll of random uselessness {unknown}
 o - 2 scrolls of teleportation {unknown}
 s - a scroll of fog {unknown}
Potions
 j - 2 potions of resistance {unknown}
 n - a potion of poison {unknown}
 r - 2 potions of curing {unknown}
 t - a potion of flight {unknown}
 u - a potion of degeneration {unknown}
Books
 v - an Akashic Record

   Spells                             Type                      Level
   a - Dispersal                      Translocation                6
   b - Controlled Blink               Translocation                7
   c - Malign Gateway                 Summoning/Translocation      7
   d - Disjunction                    Translocation                8
Comestibles
 e - a bread ration
 w - a royal jelly
 x - a slice of pizza


   Skills:
 - Level 3.0 Fighting
 + Level 6.0 Polearms
 - Level 2.4 Armour
 - Level 2.4 Shields


You had 4 spell levels left.
You didn't know any spells.

Dungeon Overview and Level Annotations

Branches:
Dungeon (3/15)

Altars:
Elyvilon
Ru


Innate Abilities, Weirdness & Mutations

You cannot wear boots.
Your serpentine skin is tough (AC +1).
You have supernaturally acute eyesight.
Armour fits poorly on your strangely shaped body.
Your system is resistant to poisons.
You cover ground very slowly.
You have a slow metabolism.
You can spit poison.


Message History

* * * LOW HITPOINT WARNING * * *
You are too injured to fight recklessly!
Your shield and scale mail prevent you from hitting the orc priest.
The orc priest is severely wounded.
You block the orc's attack. The orc hits you but does no damage.
You closely miss the orc priest.
The orc priest is severely wounded.
You block the orc priest's attack. The orc hits you but does no damage.
The orc barely misses you.
You hit the orc priest but do no damage.
The orc priest is severely wounded.
The orc priest hits you but does no damage.
The orc hits you but does no damage.
You hit the orc priest.
The orc priest is almost dead.
The orc hits you with a club.
* * * LOW HITPOINT WARNING * * *
The orc priest mumbles some strange prayers to Beogh against you.
Something smites you!
You die...

#.# #.#.# #.# #.#
#.#.###.# #
#.####.#.[##.# #.
#.....#......# #. #!.#
#.##.#### #.##..###.##.#
..###......##.##.#
#....o#...##.##.#####.
#..bo@...............#
#.#..o##...............
.......$...#############
############


You could see an orc priest, 2 orcs and a bat.

Vanquished Creatures
  Sigmund (D:2)
  An orc wizard (D:3)
  2 giant geckos
  An orc (D:3)
  A ball python (D:2)
  4 giant cockroaches
  4 goblins
  3 hobgoblins
  A quokka (D:2)
  A bat (D:2)
  2 giant newts
  8 kobolds
  3 rats
32 creatures vanquished.

Notes
Turn   | Place    | Note
--------------------------------------------------------------
     0 | D:1      | kae the Naga Fighter began the quest for the Orb.
     0 | D:1      | Reached XP level 1. HP: 21/21 MP: 1/1
   308 | D:1      | Reached XP level 2. HP: 13/28 MP: 2/2
   841 | D:2      | Noticed Sigmund
   847 | D:2      | Killed Sigmund
   847 | D:2      | Reached skill level 5 in Polearms
   847 | D:2      | Reached XP level 3. HP: 30/34 MP: 3/3
   847 | D:2      | Reached XP level 4. HP: 37/42 MP: 4/4
   847 | D:2      | Reached XP level 5. HP: 43/49 MP: 5/5
   993 | D:2      | Found a white marble altar of Elyvilon.
  1170 | D:2      | Found a sacrificial altar of Ru.
  1499 | D:3      | Reached skill level 6 in Polearms
  1520 | D:3      | Killed from afar by an orc priest

Vault maps used:
D:1:      lemuel_arrival_funnel, serial_bayou_ford_a
D:2:      elyvilon_altar_5, nicolae_ru_the_path_less_chosen, uniq_sigmund
D:3:      nicolae_qazlal_style_of_elements

Action                   |  1- 3 |  4- 6 || total
-------------------------+-------+-------++-------
Melee: Trident           |    55 |    96 ||   151
  Use: Potion            |     1 |     1 ||     2
  Eat: Chunk             |       |     1 ||     1
